 Dungeon Crawl Stone Soup version 0.21.1-1-g345015fe64 (webtiles) character file.

108 Jesperson the Chopper (level 4, -4/42 HPs)
             Began as a Hill Orc Monk on July 15, 2018.
             Killed from afar by Natasha (6 damage)
             ... with a magic dart
             ... on level 2 of the Dungeon.
             The game lasted 00:06:12 (1927 turns).

Jesperson the Chopper (Hill Orc Monk)               Turns: 1927, Time: 00:06:12

Health: -4/42      AC:  9    Str: 12 (14) XL:     4   Next: 87%
Magic:  4/4        EV:  6    Int:  9 (10) God:
Gold:   81         SH:  0    Dex: 10 (13) Spells: 3/3 levels left

rFire    . . .     SeeInvis .   a - +0 hand axe
rCold    . . .     Gourm    .   (no shield)
rNeg     . . .     Faith    .   f - +1 chain mail
rPois    .         Spirit   .   (no helmet)
rElec    .         Reflect  .   (no cloak)
rCorr    .         Harm     .   (no gloves)
MR       .....                  (no boots)
Stlth    ..........             (no amulet)
HPRegen  0.14/turn              (no ring)
MPRegen  0.09/turn              (no ring)

@: no status effects
A: no striking features
a: no special abilities


You were on level 2 of the Dungeon.
You were not hungry.

You visited 1 branch of the dungeon, and saw 2 of its levels.

You collected 81 gold pieces.

Inventory:

Hand Weapons
 a - a +0 hand axe (weapon)
Missiles
 e - 2 silver javelins (quivered)
Armour
 f - a +1 chain mail (worn)
Scrolls
 h - 2 scrolls of blinking {unknown}
 i - 2 scrolls of identify {unknown}
Comestibles
 c - 5 chunks of flesh
 k - 2 rations


   Skills:
 * Level 5.0 Fighting
 + Level 5.1 Axes
 * Level 2.4 Armour
 - Level 2.4 Dodging
 - Level 1.5 Stealth


You had 3 spell levels left.
You didn't know any spells.

Dungeon Overview and Level Annotations

Branches:
Dungeon (2/15)

Altars:
Elyvilon
Hepliaklqana
Uskayaw
Xom

Annotations:
D:2 Natasha


Message History

You hit the iron imp. Natasha claws you but does no damage.
The iron imp hits you but does no damage.
Natasha barely misses you.
Your chain mail prevents you from hitting Natasha.
Natasha is moderately wounded.
You closely miss the iron imp. Natasha claws you. The iron imp hits you.
* * * LOW HITPOINT WARNING * * *
Natasha claws you but does no damage. The iron imp hits you.
* * * LOW HITPOINT WARNING * * *
As you read the scroll labeled TELALAUMOSS, it crumbles to dust.
The creatures around you are filled with an inner flame!
It was a scroll of immolation.
You feel yourself speed up. Natasha claws you.
* * * LOW HITPOINT WARNING * * *
The iron imp hits you but does no damage.
Natasha hisses.
Natasha casts a spell at you. The magic dart hits you!
You die...

#.### #. ##### #.#.. #.#
#...####.... #.#
#.#...##.... #.#
##........... #.#
.#............ #.######
#.##.#####.....
#..#...###5..###...#.....
#....P..@.h_.....P.......
#.##..(###...###...#.....
#.#########.#########r...
#.# #..#.#...#........
#.# #.##.##.........8.
#.# #.#...#........8_8
#.# #.#.P.#.........8.
#.# #.#...#...#.......
#.# ###.##.##..>.(......


You could see an iron imp and Natasha (inner flame).

Vanquished Creatures
  Jessica (D:2)
  Natasha (D:2)
  2 worms (D:2)
  3 leopard geckos
  A ball python (D:2)
  5 bats
  5 giant cockroaches
  5 hobgoblins
  5 jackals (D:2)
  4 kobolds
  A frilled lizard (D:2)
  5 goblins
  8 rats
46 creatures vanquished.

Notes
Turn   | Place    | Note
-------+----------+-------------------------------------------
     0 | D:1      | Jesperson the Hill Orc Monk began the quest for the Orb.
     0 | D:1      | Reached XP level 1. HP: 19/19 MP: 1/1
   275 | D:1      | Reached XP level 2. HP: 25/27 MP: 2/2
   801 | D:1      | Reached skill level 1 in Armour
   801 | D:1      | Reached XP level 3. HP: 32/34 MP: 3/3
   929 | D:2      | Noticed Natasha
  1251 | D:2      | Found a faded altar of an unknown god.
  1484 | D:2      | Killed Natasha
  1484 | D:2      | Reached XP level 4. HP: 27/41 MP: 4/4
  1579 | D:2      | Found a hide-covered altar of Uskayaw.
  1666 | D:2      | Noticed Jessica
  1707 | D:2      | Killed Jessica
  1707 | D:2      | Reached skill level 5 in Axes
  1805 | D:2      | Reached skill level 5 in Fighting
  1826 | D:2      | Found a shimmering altar of Xom.
  1827 | D:2      | Found a hazy altar of Hepliaklqana.
  1829 | D:2      | Noticed a spectral ugly thing
  1911 | D:2      | Found a white marble altar of Elyvilon.
  1913 | D:2      | Noticed Natasha
  1926 | D:2      | HP: 2/42 [Natasha (3)]
  1927 | D:2      | Killed from afar by Natasha

Skill      XL: |  1  2  3  4 |
---------------+-------------+-----
Fighting       | 4 5 |  5.0
Armour         | 1 2 |  2.4
Axes           | 5 |  5.1
Dodging        | |  2.4
Stealth        | |  1.5

Action                   |  1- 3 |  4- 6 || total
-------------------------+-------+-------++-------
Melee: Hand axe          |   118 |    57 ||   175
  Use: Potion            |     1 |     2 ||     3
       Scroll            |       |     2 ||     2
  Eat: Ration            |     1 |       ||     1
Armor: Robe              |     1 |       ||     1
       Chain mail        |    59 |    31 ||    90
       Ring mail         |     4 |       ||     4
Dodge: Dodged            |    49 |    28 ||    77
